 Dungeon Crawl Stone Soup version 0.31-a0-876-gfe8ebadbca (webtiles) character file.

Game seed: 2099450472231662418

193 Arex the Trooper (level 5, -2/31 (36) HPs)
             Began as an Octopode Fighter on Oct 14, 2023.
             Was a Believer of Nemelex Xobeh.
             Slain by Edmund
             ... wielding a +5 flail of draining
              (4 damage)
             ... on level 4 of the Dungeon.
             The game lasted 00:04:22 (2703 turns).

Arex the Trooper (Octopode Fighter)                 Turns: 2703, Time: 00:04:24

HP:   -2/31 (36)    AC:  1    Str: 18    XL:     5   Next: 72%
MP:   5/5           EV: 14    Int: 10    God:    Nemelex Xobeh [**....]
Gold: 189           SH:  5    Dex: 17    Spells: 4/4 levels left

rFire   . .          .
                       - Unarmed
rCold   . . .        a - +0 buckler
rNeg    . . .        (helmet restricted)
rPois   .            (no amulet)
rElec   .            e - +6 ring of dexterity
rCorr   .            (no ring)
SInv    .            (no ring)
Will    .....        (no ring)
Stlth   +++          (no ring)
HPRegen 0.25/turn    (no ring)
MPRegen 0.09/turn    (no ring)
                     (no ring)

%: no passive effects
@: heavily drained
A: almost no armour, amphibious, 8 rings, camouflage 1, gelatinous body 1,
(nimble swimmer 1), tentacles
a: Renounce Religion, Draw Escape, Draw Destruction, Draw Summoning


You were on level 4 of the Dungeon.
You worshipped Nemelex Xobeh.
Nemelex Xobeh was pleased with you.
You visited 1 branch of the dungeon, and saw 4 of its levels.

You collected 189 gold pieces.

Inventory:

Armour
 a - a +0 buckler (worn)
Jewellery
 e - a +6 ring of dexterity (left tentacle)
Talismans
 l - a maw talisman
Scrolls
 c - a scroll of revelation
 i - a scroll of enchant weapon {unknown}
 j - 2 scrolls of enchant armour {unknown}
 m - a scroll of immolation {unknown}
Potions
 b - a potion of might
 d - 2 potions of magic
 f - 2 potions of attraction
 g - 2 potions of invisibility
 h - 2 potions of curing
 k - a potion of haste {unknown}


   Skills:
 - Level 3.5 Fighting
 - Level 3.4 Dodging
 - Level 3.4 Shields
 - Level 2.6 Unarmed Combat
 - Level 0.1 Invocations
 * Level 3.4 Shapeshifting


You had 4 spell levels left.
You didn't know any spells.
Your spell library contained the following spells:

 Spells                   Type           Power      Damage    Failure   Level
 Frozen Ramparts          Ice            0%         1d1       82%         3
 Hailstorm                Conj/Ice       0%         3d3       82%         3
 Petrify                  Tmut/Erth      0%         N/A       99%         4
 Summon Ice Beast         Ice/Summ       0%         N/A       99%         4
 Metabolic Englaciation   Hex/Ice        0%         N/A       100%        5
 Simulacrum               Ice/Necr       0%         N/A       100%        6


Dungeon Overview and Level Annotations

Branches:
Dungeon (4/15)
 Temple: D:4-7

Altars:
Nemelex Xobeh

Annotations:
D:4 Edmund


Innate Abilities, Weirdness & Mutations

You cannot wear most types of armour.
You are amphibious.
You can wear up to eight rings at the same time.
Your skin changes colour to match your surroundings (Stealth+).
Your rubbery body absorbs attacks. (AC +1, EV +1)
((You are camouflaged when in or above water. (Stealth+)))
You have tentacles for arms and can constrict up to eight enemies at once.


Message History

Found a scroll labelled NYOLUK RIGIJITU and 4 poisoned darts.
Edmund shouts!
Edmund hits you with a +5 flail of draining.
You feel drained.
You tentacle-slap Edmund but do no damage.
You grab Edmund.
Edmund is lightly wounded.
You constrict Edmund. You block Edmund's attack.
You tentacle-slap Edmund.
Edmund is lightly wounded.
You constrict Edmund. Edmund closely misses you.
You tentacle-slap Edmund but do no damage.
Edmund is lightly wounded.
You constrict Edmund.
Edmund hits you with a +5 flail of draining!
You feel drained.
You tentacle-slap Edmund but do no damage.
Edmund is lightly wounded.
You constrict Edmund, but do no damage. Edmund barely misses you.
You tentacle-slap Edmund but do no damage.
Edmund is lightly wounded.
You constrict Edmund. Edmund closely misses you.
You tentacle-slap Edmund. You squeeze Edmund!
Edmund is heavily wounded.
You constrict Edmund, but do no damage.
Edmund hits you with a +5 flail of draining!
You feel drained.
You tentacle-slap Edmund but do no damage.
Your squeeze misses Edmund.
Edmund is heavily wounded.
You constrict Edmund! You block Edmund's attack.
You tentacle-slap Edmund but do no damage.
Edmund is severely wounded.
You constrict Edmund.
Edmund hits you with a +5 flail of draining!
* * * LOW HITPOINT WARNING * * *
You feel drained.
You die...
Edmund says, "I'd like to see a scythe do that!"
Your body glows slightly and disappears.

#........##
####...###.##
#......###.#
.......##.#
#.......# .
##.......###
...##..........#
................#
.......@..........
....?.@............
......<............
.........(.........
..................
#................
................
.#######.......


You could see Edmund.

Vanquished Creatures
  2 hounds (D:4)
  2 adders
  2 dart slugs
  An orc (D:3)
  10 ball pythons
  11 endoplasms
  9 giant cockroaches
  14 goblins
  5 hobgoblins
  2 jackals (D:2)
  2 kobolds
  A quokka (D:2)
  5 bats
  3 frilled lizards
  6 rats
75 creatures vanquished.

Vanquished Creatures (collateral kills)
  An iguana (D:3)
  A goblin (D:2)
2 creatures vanquished.

Grand Total: 77 creatures vanquished

Notes
Turn   | Place    | Note
-------+----------+-------------------------------------------
     0 | D:1      | Arex the Octopode Fighter began the quest for the Orb.
     0 | D:1      | Reached XP level 1. HP: 16/16 MP: 1/1
   108 | D:1      | Reached XP level 2. HP: 21/21 MP: 2/2
   623 | D:1      | Reached XP level 3. HP: 17/26 MP: 3/3
  1051 | D:2      | Found a faded altar of an unknown god.
  1129 | D:2      | Prayed at the altar of an unknown god.
  1129 | D:2      | Became a worshipper of Nemelex Xobeh the Trickster
  1129 | D:2      | Reached * piety under Nemelex Xobeh
  1129 | D:2      | Received a gift from Nemelex Xobeh
  1370 | D:2      | Reached XP level 4. HP: 31/31 MP: 4/4
  1648 | D:2      | Reached skill level 1 in Shapeshifting
  1945 | D:3      | Reached ** piety under Nemelex Xobeh
  2005 | D:3      | Noticed a scorpion
  2091 | D:3      | Received a gift from Nemelex Xobeh
  2236 | D:3      | a scorpion changed into an iguana
  2238 | D:3      | Reached XP level 5. HP: 36/36 MP: 5/5
  2689 | D:4      | Noticed Edmund
  2703 | D:4      | Slain by Edmund

Illustrated notes

Levels and vault maps discovered:
D:1:      wander_arrival_desolate, layout_loops_corners
D:2:      layout_basic, shapermc_ecumenical_altar_pompeii, nrook_campfire
D:3:      layout_loops_ring, st_stairs_5
D:4:      layout_layer_cave, portal_sewer_entry_e, uniq_edmund

Skill      XL: |  1  2  3  4  5 |
---------------+----------------+-----
Shapeshifting  | 2 3 |  3.4
Fighting       | |  3.5
Dodging        | |  3.4
Shields        | |  3.4
Unarmed Combat | |  2.6
Invocations    | |  0.1

Action                     |  1- 3 |  4- 6 || total
---------------------------+-------+-------++-------
  Melee: Unarmed           |    90 |    84 ||   174
         Constrict         |    22 |    17 ||    39
         Tentacles         |    19 |    17 ||    36
         Punch             |     3 |     4 ||     7
 Invoke: Draw Destruction  |       |     2 ||     2
         Draw Summoning    |       |     1 ||     1
    Use: Scroll            |     5 |     1 ||     6
   Stab: Sleeping          |     3 |    13 ||    16
         Distracted        |       |     1 ||     1
 Armour: Skin              |    36 |    30 ||    66
  Dodge: Dodged            |    48 |    44 ||    92
  Block: Buckler           |    15 |    15 ||    30

Table legend: (Time is in decaauts)
 A = Elapsed time spent in this place.
 B = Non-inter-level travel time spent in this place.
 C = Inter-level travel time spent in this place.
 D = Time resting spent in this place.
 E = Time spent auto-exploring this place.
 F = Levels seen in this place.
 G = Mean time per level.
                   A        B        C        D        E       F      G
               +--------+--------+--------+--------+--------+-----+--------+
         Total |   2702 |   2609 |     93 |     59 |   1989 |   4 |  675.5 |
       Dungeon |   2702 |   2609 |     93 |     59 |   1989 |   4 |  675.5 |
               +--------+--------+--------+--------+--------+-----+--------+

Top non-repeatable levels by time:
     D:1: 1039 daAuts
     D:2: 656 daAuts
     D:3: 552 daAuts
     D:4: 452 daAuts
